 Dungeon Crawl Stone Soup version 0.13-a0-2648-g56e3d78 (webtiles) character file.

461 M4edhros the Poker (level 6, -2/39 HPs)
             Began as an Octopode Wanderer on Aug 9, 2013.
             Slain by an orc wizard
             ... wielding a +0,+0 halberd
              (13 damage)
             ... on Level 4 of the Dungeon.
             The game lasted 00:05:46 (2070 turns).

M4edhros the Poker (Octopode Wanderer)              Turns: 2070, Time: 00:05:47

HP  -2/39        AC  1     Str  8      XL: 6   Next: 55%
MP   7/7         EV 11     Int 21      God:
Gold 123         SH  0     Dex 11      Spells:  0 memorised,  5 levels left

Res.Fire  : . . .   See Invis. : .   a - +3,+2 spear {=f}
Res.Cold  : . . .   Warding    : .   (no shield)
Life Prot.: . . .   Conserve   : .   (helmet restricted)
Res.Poison: .       Res.Corr.  : .   (no amulet)
Res.Elec. : .       Clarity    : .   (no ring)
Sust.Abil.: . .     Spirit.Shd : .   (no ring)
Res.Mut.  : .       Stasis     : .   (no ring)
Res.Rott. : .       Flight     : .   (no ring)
Saprovore : . . .                    (no ring)
                                     (no ring)
                                     (no ring)
                                     (no ring)

@: slightly resistant to hostile enchantments, very stealthy
A: almost no armour, amphibious, 8 rings, constrict 8, antennae 1, camouflage 1,
AC +1, Int +1
a: no special abilities


You were on level 4 of the Dungeon.
You were very hungry.

You visited 1 branch of the dungeon, and saw 4 of its levels.
You also visited: Sewer.

You collected 73 gold pieces.

Inventory:

Hand weapons
 a - a +3,+2 spear (weapon) {=f}
 h - a +2,+0 dagger of draining (quivered)
Magical devices
 l - a wand of random effects (0)
Comestibles
 d - 3 bread rations
 j - a pear
Scrolls
 b - a scroll of enchant weapon I {unknown}
 e - a scroll of enchant armour {unknown}
 f - a scroll of amnesia {unknown}
 g - 2 scrolls of remove curse {unknown}
 i - a scroll of identify {unknown}
 k - a scroll of curse jewellery {unknown}
 m - 2 scrolls of teleportation {unknown}
 p - a scroll of blinking {unknown}
Jewellery
 n - an uncursed amulet of guardian spirit {unknown}
Potions
 c - 2 potions of curing
 o - a potion of brilliance
 r - 4 potions of flight


   Skills:
 - Level 3.0 Fighting
   Level 2.0 Long Blades
 + Level 6.4 Polearms
 - Level 1.0 Dodging
 - Level 2.6 Stealth
   Level 1.0 Invocations


You had 5 spell levels left.
You didn't know any spells.

Dungeon Overview and Level Annotations

Branches:
Dungeon (4/27)
 Temple: D:4-7

Altars:


Innate Abilities, Weirdness & Mutations

You cannot wear most types of armour.
You are amphibious.
You can wear up to eight rings at the same time.
You can use your tentacles to constrict many enemies at once.
Your skin changes colour to match your surroundings (Stlth).
Your rubbery body absorbs attacks (AC +1).
You have a pair of small antennae on your head.
Your mind is acute (Int +1).


Message History

The orc priest shouts!
The jackal barks!
The orc wizard mumbles some strange words.
The orc wizard seems to speed up.
The orc priest calls down the wrath of Beogh upon you.
Something smites you!
* * * LOW HITPOINT WARNING * * *
A jackal comes into view.
Drink which item? (? for menu, Esc to quit)
You feel better.
The orc wizard hits you from afar with a halberd.
The jackal moves out of view.
The orc priest invokes the aid of Beogh against you.
Something smites you!
* * * LOW HITPOINT WARNING * * *
The orc wizard closely misses you.
Drink which item? (? for menu, Esc to quit)
You feel better.
The orc shouts!
The orc wizard hits you from afar with a halberd!
You die...

...........(. ...............
.................
.................
.......≈≈≈........
.......≈≈≈≈≈........
........≈≈.))........
.........≈)≈≈≈........
...........h@≈........
.........ho...........
.........o............
......hoo(#...........
........%###.........###
.............#...........#..
.............%............a..
..............................
..............................


You could see 2 orc priests, an orc wizard, an orc and 3 jackals.

Vanquished Creatures
  Sigmund (D:2)
  A big kobold (Sewer)
  A big fish (Sewer)
  A scorpion (D:4)
  2 green rats (D:4)
  2 adders
  4 gnolls (D:4)
  A worm (D:4)
  3 grey rats
  2 giant geckos (D:1)
  2 orcs (D:4)
  A ball python (D:4)
  6 bats
  A giant cockroach (D:1)
  4 hobgoblins
  A jackal (Sewer)
  14 kobolds
  2 giant newts
  3 goblins (D:1)
  9 rats
61 creatures vanquished.

Notes
Turn   | Place    | Note
--------------------------------------------------------------
     0 | D:1      | M4edhros, the Octopode Wanderer, began the quest for the Orb.
     0 | D:1      | Reached XP level 1. HP: 12/12 MP: 1/1
    33 | D:1      | Reached XP level 2. HP: 16/18 MP: 2/2
   298 | D:1      | Reached XP level 3. HP: 21/23 MP: 3/3
   539 | D:2      | Noticed Sigmund
   547 | D:2      | Killed Sigmund
   547 | D:2      | Reached skill level 4 in Polearms
   547 | D:2      | Reached XP level 4. HP: 17/28 MP: 4/4
   975 | D:3      | Reached XP level 5. HP: 33/33 MP: 5/5
  1311 | D:4      | Reached skill level 5 in Polearms
  1410 | D:4      | Found a glowing drain.
  1494 | Sewer    | Entered a sewer
  1799 | Sewer    | Reached XP level 6. HP: 30/39 MP: 7/7
  1913 | Sewer    | Reached skill level 6 in Polearms
  1936 | Sewer    | Found a glowing silver altar of Zin.
  1940 | Sewer    | Gained mutation: Your mind is acute (Int +1). [potion of beneficial mutation]
  1941 | Sewer    | Gained mutation: You have a pair of small antennae on your head. [potion of beneficial mutation]
  2070 | D:4      | Slain by an orc wizard

Action                   |  1- 3 |  4- 6 || total
-------------------------+-------+-------++-------
Melee: Spear             |    53 |   110 ||   163
Evoke: Wand              |       |    11 ||    11
  Use: Potion            |       |    10 ||    10
       Scroll            |       |     1 ||     1
 Stab: Sleeping          |     8 |     4 ||    12
       Paralysed         |       |     2 ||     2
       Distracted        |       |     1 ||     1
